 Dungeon Crawl Stone Soup version 0.31-a0-750-gfe7b580527 (webtiles) character file.

Game seed: 2877530412485579947

405 Joey1 the Chopper (level 6, -1/56 HPs)
             Began as a Minotaur Fighter on Sept 15, 2023.
             Slain by Pikel
             ... wielding a +0 whip of flaming
              (7 damage)
             ... on level 4 of the Dungeon.
             The game lasted 00:09:58 (3859 turns).

Joey1 the Chopper (Minotaur Fighter)                Turns: 3859, Time: 00:09:59

Health: -1/56      AC:  6    Str: 23    XL:     6   Next: 56%
Magic:  5/5        EV: 11    Int:  5    God:
Gold:   211        SH:  4    Dex:  9    Spells: 5/5 levels left

rFire   . . .        a - +0 war axe
rCold   + . .        c - +0 buckler
rNeg    . . .        t - +0 ring mail "Rudyeps" {rElec rC+ Stlth-}
rPois   .            (helmet restricted)
rElec   +            (no cloak)
rCorr   .            s - +0 pair of gloves
SInv    .            (no boots)
Will    .....        (no amulet) Stlth
                     (no ring)
HPRegen 0.29/turn    (no ring)
MPRegen 0.09/turn

%: no passive effects
@: mighty
A: horns 2, retaliatory headbutt
a: no special abilities


You were on level 4 of the Dungeon.
You visited 1 branch of the dungeon, and saw 4 of its levels.

You collected 211 gold pieces.

Inventory:

Hand Weapons
 a - a +0 war axe (weapon)
 k - a +0 spear
Missiles
 j - 6 boomerangs
 l - 22 stones
 r - 2 throwing nets
Armour
 b - a +0 scale mail
 c - a +0 buckler (worn)
 s - a +0 pair of gloves (worn)
 t - the +0 ring mail "Rudyeps" (worn) {rElec rC+ Stlth-}
   (You found it on level 3 of the Dungeon)

   rC+:       It protects you from cold.
   rElec:     It insulates you from electricity.
   Stlth-:    It makes you less stealthy.
Jewellery
 q - a ring of ice
Wands
 v - a wand of light (14)
Scrolls
 e - 5 scrolls of identify {unknown}
 h - a scroll of fog {unknown}
 i - a scroll of fear {unknown}
 n - 2 scrolls of teleportation {unknown}
 o - 2 scrolls of enchant armour {unknown}
 p - 2 scrolls of immolation {unknown}
Potions
 f - a potion of mutation {unknown}
 g - a potion of curing {unknown}
 m - a potion of lignification {unknown}
 u - a potion of brilliance {unknown}


   Skills:
 - Level 5.0 Fighting
 + Level 6.0 Axes
 - Level 3.6 Armour
 - Level 3.0 Dodging
 - Level 5.0 Shields


You had 5 spell levels left.
You didn't know any spells.
Your spell library was empty.

Dungeon Overview and Level Annotations

Branches:
Dungeon (4/15)
 Temple: D:4-7

Altars:
Fedhas
Xom

Annotations:
D:2 1 runed translucent door, Crazy Yiuf
D:4 Pikel


Innate Abilities, Weirdness & Mutations

You have a pair of horns on your head.
You reflexively headbutt those who attack you in melee.


Message History

Pikel hits you with a +0 whip of flaming.
Pikel burns you.
You completely miss Pikel.
Pikel is moderately wounded.
Pikel misses you.
You closely miss Pikel.
Pikel is moderately wounded.
Pikel hits you but does no damage.
You closely miss Pikel. You headbutt Pikel.
Pikel is moderately wounded.
Pikel waves his whip at you. Pikel misses you. You block Pikel's attack.
You barely miss Pikel.
Pikel is moderately wounded.
Pikel completely misses you.
You closely miss Pikel. Your headbutt misses Pikel.
Pikel is moderately wounded.
Pikel hits you with a +0 whip of flaming!
Pikel burns you.
You hit Pikel.
Pikel is heavily wounded.
Pikel zaps a wand.
The puff of flame hits you but does no damage.
You feel very mighty all of a sudden.
Pikel hits you with a +0 whip of flaming!
* * * LOW HITPOINT WARNING * * *
Pikel burns you.
* * * LOW HITPOINT WARNING * * *
You miss Pikel. You headbutt Pikel!
Pikel is severely wounded.
You block Pikel's attack. x2
You closely miss Pikel. Your headbutt misses Pikel.
Pikel is severely wounded.
Pikel zaps a wand.
The puff of flame hits you!
* * * LOW HITPOINT WARNING * * *
You closely miss Pikel.
Pikel is severely wounded.
Pikel hits you with a +0 whip of flaming!
You die...
Pikel says, "Another soul for the market."

##########
#........# #####
#.######.# .>.#
#.# #.#
####.####.#### #.#
#5K@.........# #.#
....55##..###.##.#
#.# .....
#...##.##.###.#
#.##
#.....#........###
#
##...#####.......#
...## #######.#
###.# #.# #.#
#####.# #......


You could see Pikel and 3 lemures.

Vanquished Creatures
  A lemure (D:4)
  2 hounds
  A jelly (D:3)
  Jessica (D:3)
  An orc wizard (D:3)
  10 gnolls
  5 adders
  4 worms
  4 dart slugs
  6 orcs (D:3)
  4 ball pythons
  7 bats
  6 endoplasms
  3 giant cockroaches
  9 goblins
  6 hobgoblins
  7 quokkas
  5 frilled lizards
  11 kobolds
  5 rats
98 creatures vanquished.

Vanquished Creatures (others)
  A bullfrog (D:4)
  An orc priest (D:4)
  An iguana (D:4)
  An adder (D:4)
  An orc (D:4)
  A jackal (D:4)
  A kobold (D:4)
7 creatures vanquished.

Grand Total: 105 creatures vanquished

Notes
Turn   | Place    | Note
-------+----------+-------------------------------------------
     0 | D:1      | Joey1 the Minotaur Fighter began the quest for the Orb.
     0 | D:1      | Reached XP level 1. HP: 19/19 MP: 0/0
   109 | D:1      | Reached XP level 2. HP: 21/27 MP: 1/1
   186 | D:1      | Reached skill level 1 in Dodging
   324 | D:1      | Reached XP level 3. HP: 25/33 MP: 2/2
   436 | D:1      | Reached skill level 3 in Axes
  1463 | D:2      | Reached XP level 4. HP: 40/40 MP: 3/3
  1655 | D:2      | Found a runed translucent door.
  1656 | D:2      | Noticed Crazy Yiuf
  1992 | D:2      | Reached XP level 5. HP: 7/47 MP: 4/4
  2197 | D:3      | Noticed Jessica
  2201 | D:3      | Killed Jessica
  2207 | D:3      | Reached skill level 4 in Axes
  2207 | D:3      | Reached skill level 5 in Shields
  2301 | D:3      | Found a blossoming altar of Fedhas.
  2413 | D:3      | Reached skill level 5 in Fighting
  2474 | D:3      | Reached XP level 6. HP: 26/56 MP: 5/5
  2709 | D:3      | Reached skill level 5 in Axes
  3192 | D:3      | Identified the +0 ring mail "Rudyeps" {rElec rC+ Stlth-}
  3583 | D:4      | Found a shimmering altar of Xom.
  3636 | D:4      | Reached skill level 6 in Axes
  3834 | D:4      | Noticed Pikel
  3859 | D:4      | Slain by Pikel

Illustrated notes

Levels and vault maps discovered:
D:1:      dpeg_arrival_three_same_balls, layout_rooms,
          minmay_misc_feat_enclosed, minmay_misc_feat_pillars,
          lexackson_kobold_supper
D:2:      mumra_celtic_spiral_tile, layout_loops_cross,
          chequers_serial_rivers_room_b, uniq_crazy_yiuf_cottage
D:3:      layout_loops_corners, fedhas_ov_isle_minmay, uniq_jessica
D:4:      layout_loops_corners, xom_confusion_cloud, nicolae_uskayaw_en_pointe,
          minmay_bisected, uniq_pikel

Skill      XL: |  1  2  3  4  5  6 |
---------------+-------------------+-----
Dodging        | 1 2 3 |  3.0
Shields        | 4 5 |  5.0
Fighting       | 4 5 |  5.0
Axes           | 3 4 6 |  6.0
Armour         | |  3.6

Action                     |  1- 3 |  4- 6 || total
---------------------------+-------+-------++-------
  Melee: War axe           |    98 |   128 ||   226
         Headbutt          |    12 |    28 ||    40
         Spear             |       |    13 ||    13
    Use: Potion            |       |     1 ||     1
 Armour: Scale mail        |    72 |    76 ||   148
         Ring mail         |       |    30 ||    30
  Dodge: Dodged            |    55 |    69 ||   124
  Block: Buckler           |    33 |    32 ||    65

Table legend: (Time is in decaauts)
 A = Elapsed time spent in this place.
 B = Non-inter-level travel time spent in this place.
 C = Inter-level travel time spent in this place.
 D = Time resting spent in this place.
 E = Time spent auto-exploring this place.
 F = Levels seen in this place.
 G = Mean time per level.
                   A        B        C        D        E       F      G
               +--------+--------+--------+--------+--------+-----+--------+
         Total |   3933 |   3783 |    150 |    447 |   2707 |   4 |  983.2 |
       Dungeon |   3933 |   3783 |    150 |    447 |   2707 |   4 |  983.2 |
               +--------+--------+--------+--------+--------+-----+--------+

Top non-repeatable levels by time:
     D:2: 1364 daAuts
     D:3: 1233 daAuts
     D:1: 831 daAuts
     D:4: 503 daAuts
